 Dungeon Crawl Stone Soup version 0.30-a0-358-g0d69a1922f (webtiles) character file.

Game seed: 8426689029551340182

38 p00ps00p the Trooper (level 3, -1/33 HPs)
             Began as a Hill Orc Fighter on Nov 9, 2022.
             Slain by a gnoll
             ... wielding a +4 flail of protection
              (12 damage)
             ... on level 2 of the Dungeon.
             The game lasted 00:02:38 (1507 turns).

p00ps00p the Trooper (Hill Orc Fighter)             Turns: 1507, Time: 00:02:40

Health: -1/33      AC:  7    Str: 24    XL:     3   Next: 43%
Magic:  1/3        EV:  6    Int:  8    God:
Gold:   14         SH: 17    Dex: 13    Spells: 2/2 levels left

rFire   . . .      SeeInvis .    a - +0 war axe
rCold   . . .      Faith    .    g - +0 tower shield
rNeg    . . .      Spirit   .    b - +0 scale mail
rPois   .          Reflect  +    (no helmet)
rElec   .          Harm     .    (no cloak)
rCorr   .          Rampage  .    (no gloves)
Will    +....                    (no boots)
Stlth   ..........               e - amulet "Ysyepn" {Reflect +Blink Will+ Str+4 Dex+3 SH+5}
HPRegen 0.25/turn                (no ring)
MPRegen 0.08/turn                (no ring)

@: mighty
A: no striking features
a: Evoke Blink


You were on level 2 of the Dungeon.
You visited 1 branch of the dungeon, and saw 2 of its levels.

You collected 68 gold pieces.
You spent 54 gold pieces at shops.

Inventory:

Hand Weapons
 a - a +0 war axe (weapon)
Armour
 b - a +0 scale mail (worn)
 c - a +0 buckler
 g - a +0 tower shield (worn)
Jewellery
 e - the amulet "Ysyepn" (around neck) {Reflect +Blink Will+ Str+4 Dex+3 SH+5}
   (You acquired it on level 2 of the Dungeon)

   [amulet of reflection]

   It reflects blocked missile attacks.
   Str:       It affects your strength (+4).
   Dex:       It affects your dexterity (+3).
   +Blink:    It lets you blink.
   SH:        It affects your SH (+5).
   Will:      It increases your willpower.
Scrolls
 f - 2 scrolls of identify {unknown}
 i - a scroll of poison {unknown}
Potions
 h - a potion of flight {unknown}


   Skills:
 + Level 4.1 Fighting
 + Level 3.4 Axes
 + Level 3.7 Armour
 + Level 3.7 Shields


You had 2 spell levels left.
You didn't know any spells.
Your spell library contained the following spells:

 Spells                   Type           Power      Damage    Failure   Level
 Necrotise                Necr           0%         1d4       100%        1
 Blink                    Tloc           0%         N/A       100%        2
 Momentum Strike          Conj/Tloc      0%         3d8       100%        2
 Lesser Beckoning         Tloc           0%         N/A       100%        3
 Vampiric Draining        Necr           0%         2d6       100%        3
 Agony                    Necr           0%         N/A       100%        5


Dungeon Overview and Level Annotations

Branches:
Dungeon (2/15)

Altars:

Shops:
D:2 [

Annotations:
D:2 1 runed translucent door, Crazy Yiuf, Sigmund


Message History

You add the spells Necrotise, Vampiric Draining and Agony to your library.
Found a stone staircase leading up.
A gnoll comes into view. It is wielding a +0 flail.
The gnoll shouts!
Sigmund the Dreaded comes into view.
He is wielding a +2 antimagic scythe.
There are monsters nearby! 2 gnolls come into view.
A gnoll is wielding a +4 flail of protection.
Sigmund shouts!
The gnoll shouts! x2
You block the gnoll's attack.
You closely miss the gnoll. The gnoll hits you with a +0 flail.
You hit the gnoll but do no damage. You block Sigmund's attack.
You block the gnoll's attack.
Sigmund says, "Don't worry, I'll kill you fast."
Sigmund drinks a potion.
Sigmund suddenly seems more resistant.
You hit the gnoll.
The gnoll is lightly wounded.
You block the gnoll's attack.
Sigmund hits you from afar with a +2 antimagic scythe.
You feel your power leaking away. You block the gnoll's attack.
The gnoll hits you with a +0 club.
You hit the gnoll.
The gnoll is moderately wounded.
You barely miss the gnoll. You block Sigmund's attack.
The gnoll hits you but does no damage. The gnoll completely misses you.
The gnoll hits you with a +0 club. You block the gnoll's attack.
You feel very mighty all of a sudden. You block Sigmund's attack.
The gnoll hits you but does no damage. You block the gnoll's attack.
You closely miss the gnoll.
The gnoll is moderately wounded.
You hit the gnoll. You block the gnoll's attack. You block Sigmund's attack.
The gnoll barely misses you.
You slice the gnoll!!
You kill the gnoll!
You hit the gnoll but do no damage.
The gnoll hits you with a +4 flail of protection!
You block Sigmund's attack.
The gnoll hits you with a +4 flail of protection!
You die...

*,*,*,,** **,,,,,,,***,**,****,*
,*****,,***#.........#*,*,,,***,*
** **,,,,+.........+,,,,,,^**,*
,** **,,****.........**,*,,,,,,,*
*,***,,** **.......***,**,,*****
**,*,*** **.....** *,,,,,,* **,**
*######.@.** *****,** *,*
*......gg#* *,* ***,***
*,*****#@# *,* *,,,,,* *,*
##.###### *,*
*,,,,,***.###*#.......# *,*
*,,,,,,,,....##...###.# *,*
*,,,,,**,..........##,# *,*
*,,,,,**,.##........#.##***,*
******,,,........##......,,,*
*,,,...###.......###****
*,,_..#####.######


You could see Sigmund (resistant) and 2 gnolls.

Vanquished Creatures
  A gnoll (D:2)
  3 ball pythons (D:1)
  3 bats
  2 endoplasms (D:1)
  A giant cockroach (D:1)
  4 goblins
  3 hobgoblins
  5 jackals
  A quokka (D:1)
  3 frilled lizards (D:1)
  6 kobolds (D:1)
  4 rats (D:1)
36 creatures vanquished.

Notes
Turn   | Place    | Note
-------+----------+-------------------------------------------
     0 | D:1      | p00ps00p the Hill Orc Fighter began the quest for the Orb.
     0 | D:1      | Reached XP level 1. HP: 19/19 MP: 1/1
   261 | D:1      | Reached XP level 2. HP: 27/27 MP: 2/2
   506 | D:1      | Reached skill level 4 in Fighting
   539 | D:1      | Reached XP level 3. HP: 32/33 MP: 3/3
   664 | D:1      | Found a faded altar of an unknown god.
  1147 | D:2      | Identified a scroll of acquirement
  1147 | D:2      | Acquired the amulet "Ysyepn" {Reflect +Blink Will+ Str+4
                  | Dex+3 SH+5}
  1277 | D:2      | Found Guoh's Armour Boutique.
  1285 | D:2      | Bought a +0 tower shield for 54 gold pieces
  1380 | D:2      | Found a runed translucent door.
  1381 | D:2      | Noticed Crazy Yiuf
  1499 | D:2      | Noticed Sigmund
  1507 | D:2      | Slain by a gnoll

Illustrated notes

Levels and vault maps discovered:
D:1:      lightli_iron_boxes, layout_loops_corners,
          shapermc_ecumenical_altar_hornbeckon, kennysheep_pointless_box
D:2:      layout_loops_corners, serial_shops, nicolae_shop_waterfront,
          basic_altar, minmay_split_cup_small, uniq_crazy_yiuf_cottage,
          uniq_sigmund

Skill      XL: |  1  2 |
---------------+-------+-----
Axes           | 3 |  3.4
Fighting       | 4 |  4.1
Armour         | |  3.7
Shields        | |  3.7

Action                   || total
-------------------------++-------
Melee: War axe           ||    86
  Use: Scroll            ||     4
       Potion            ||     1
Armor: Scale mail        ||    48
Dodge: Dodged            ||    38
Block: Buckler           ||    13
       Tower shield      ||    34

Table legend: (Time is in decaauts)
 A = Elapsed time spent in this place.
 B = Non-inter-level travel time spent in this place.
 C = Inter-level travel time spent in this place.
 D = Time resting spent in this place.
 E = Time spent auto-exploring this place.
 F = Levels seen in this place.
 G = Mean time per level.
                   A        B        C        D        E       F      G
               +--------+--------+--------+--------+--------+-----+--------+
         Total |   1554 |   1553 |      1 |    158 |   1088 |   2 |  777.0 |
       Dungeon |   1554 |   1553 |      1 |    158 |   1088 |   2 |  777.0 |
               +--------+--------+--------+--------+--------+-----+--------+

Top non-repeatable levels by time:
     D:1: 1016 daAuts
     D:2: 537 daAuts
